 Dungeon Crawl Stone Soup version 0.23.2-40-g277498a001 (webtiles) character file.

Game seed: 16089736046199766870

919 Descartes the Shield-Bearer (level 8, -11/62 HPs)
             Began as a Formicid Fighter on Sept 10, 2019.
             Was a Believer of Cheibriados.
             Mangled by Prince Ribbit (14 damage)
             ... on level 5 of the Dungeon.
             The game lasted 00:11:37 (3090 turns).

Descartes the Shield-Bearer (Formicid Fighter)      Turns: 3090, Time: 00:11:38

Health: -11/62     AC: 11    Str: 25    XL:     8   Next: 31%
Magic:  10/10      EV:  9    Int: 14    God:    Cheibriados [**....]
Gold:   112        SH: 11    Dex: 16    Spells: 9/9 levels left

rFire    + . .     SeeInvis +   a - +0 war axe
rCold    . . .     Gourm    +   c - +0 shield
rNeg     + . .     Faith    .   A - +0 chain mail
rPois    .         Spirit   .   (helmet unavailable)
rElec    .         Reflect  .   (no cloak)
rCorr    .         Harm     .   (no gloves)
MR       +....                  (no boots)
Stlth    ..........             o - amulet of the gourmand
HPRegen  0.20/turn              v - ring of positive energy
MPRegen  0.12/turn              h - ring of protection from fire

@: very slow
A: permanent stasis, dig shafts and tunnels, four strong arms, antennae 3, claws
1, iridescent scales 1, clever 1, magic resistance 1, no potion heal 1
a: Dig, Shaft Self, Bend Time, Renounce Religion


You were on level 5 of the Dungeon.
You worshipped Cheibriados.
Cheibriados was pleased with you.
You were very full.

You visited 1 branch of the dungeon, and saw 4 of its levels.

You collected 138 gold pieces.
You spent 26 gold pieces at shops.

Inventory:

Hand Weapons
 a - a +0 war axe (weapon)
 C - a +1 dagger of venom
 D - a +0 morningstar
Missiles
 i - 12 poisoned needles
 l - 14 bolts
 m - 131 stones (quivered)
 p - 6 tomahawks
 u - 16 arrows
 x - 16 sling bullets
 B - 2 throwing nets
Armour
 c - a +0 shield (worn)
 s - a +0 robe of magic resistance
 A - a +0 chain mail (worn)
Jewellery
 h - a ring of protection from fire (right claw)
 o - an amulet of the gourmand (around neck)
 v - a ring of positive energy (left claw)
Wands
 r - a wand of flame (12)
 y - a wand of disintegration (19)
 E - a wand of iceblast (5)
Scrolls
 b - 2 scrolls of teleportation {unknown}
 k - 5 scrolls of remove curse
 n - 2 scrolls of enchant armour {unknown}
Potions
 d - 2 potions of might
 e - a potion of agility {unknown}
 j - a potion of lignification
 z - a potion of curing
Comestibles
 f - 7 rations
 g - 4 chunks of flesh


   Skills:
 + Level 5.1 Fighting
 - Level 2.0 Axes
 + Level 5.2 Armour
 + Level 2.9 Dodging
 + Level 2.1 Stealth
 * Level 7.1 Shields
 + Level 1.4 Spellcasting
 + Level 1.9 Invocations
 + Level 1.8 Evocations


You had 9 spell levels left.
You didn't know any spells.
Your spell library was empty.

Dungeon Overview and Level Annotations

Branches:
Dungeon (3/15)

Altars:
Cheibriados
Dithmenos
Gozag
Hepliaklqana

Shops:
D:5 *

Annotations:
D:5 Prince Ribbit


Innate Abilities, Weirdness & Mutations

You cannot be hasted, slowed, berserked, paralysed or teleported.
You can dig through walls and to a lower floor.
Your four strong arms can wield two-handed weapons with a shield.
You have a pair of large antennae on your head. (SInv)
You have sharp fingernails.
You are partially covered in iridescent scales. (AC +2)
Your mind is acute. (Int +2)
You are resistant to hostile enchantments. (MR+)
Potions are less effective at restoring your health.


Message History

You closely miss Prince Ribbit. Prince Ribbit hits you!
* * * LOW HITPOINT WARNING * * *
You block Prince Ribbit's attack.
You closely miss Prince Ribbit.
Prince Ribbit hits you but does no damage.
Prince Ribbit blinks!
Prince Ribbit blinks!
Prince Ribbit hops awkwardly around.
Prince Ribbit blinks!
Prince Ribbit hits you.
* * * LOW HITPOINT WARNING * * *
You closely miss Prince Ribbit.
Prince Ribbit hits you but does no damage.
Prince Ribbit barely misses you.
You miss Prince Ribbit. You block Prince Ribbit's attack.
Prince Ribbit hits you but does no damage.
You slash Prince Ribbit!
Prince Ribbit is moderately wounded.
Prince Ribbit hits you!
You die...

#.........# #...#
#.........# #...#
#.........# #....
#.........#########
#...#
#..................
#...#
#..................
###..
#########..........
#.# #.?........ #..
#@F$....... ###
#..........
#..........
#!.........
........... #...
............ #...
....######### #...
.....# #... #...


You could see Prince Ribbit.

Vanquished Creatures
  Sigmund (D:2)
  Eustachio (D:5)
  2 bullfrogs (D:5)
  A crimson imp (D:5)
  4 orc wizards
  2 jellies (D:5)
  Natasha (thrice) (D:3)
  3 worker ants (D:5)
  A hound skeleton (D:2)
  Robin (D:2)
  2 adders
  A river rat (D:3)
  An ooze (D:1)
  An adder zombie (D:5)
  3 worms
  5 dart slugs
  2 leopard geckos
  4 orcs
  3 bats
  3 giant cockroaches
  17 goblins
  8 hobgoblins
  2 quokkas
  3 ball pythons
  A ball python zombie (D:3)
  7 frilled lizards
  4 kobolds
  13 rats
99 creatures vanquished.

Notes
Turn   | Place    | Note
-------+----------+-------------------------------------------
     0 | D:1      | Descartes the Formicid Fighter began the quest for the Orb.
     0 | D:1      | Reached XP level 1. HP: 18/18 MP: 1/1
    22 | D:1      | Reached XP level 2. HP: 19/24 MP: 2/2
   131 | D:1      | Reached skill level 4 in Shields
   264 | D:1      | Reached XP level 3. HP: 29/29 MP: 3/3
   657 | D:2      | Noticed Robin
   676 | D:2      | Reached skill level 1 in Dodging
   699 | D:2      | Killed Robin
   699 | D:2      | Reached XP level 4. HP: 36/37 MP: 4/4
   755 | D:2      | Found a hazy altar of Hepliaklqana.
  1042 | D:2      | Noticed Sigmund
  1052 | D:2      | Killed Sigmund
  1052 | D:2      | Reached skill level 5 in Shields
  1052 | D:2      | Reached XP level 5. HP: 22/43 MP: 5/5
  1052 | D:2      | Reached XP level 6. HP: 26/49 MP: 6/6
  1829 | D:2      | You fall through a shaft!
  1831 | D:3      | Found a snail-covered altar of Cheibriados.
  1853 | D:3      | Became a worshipper of Cheibriados the Contemplative
  1857 | D:3      | Found a shadowy altar of Dithmenos.
  1971 | D:3      | Noticed Natasha
  1978 | D:3      | Killed Natasha
  1997 | D:3      | Noticed Natasha
  2005 | D:3      | Killed Natasha
  2005 | D:3      | Reached skill level 6 in Shields
  2377 | D:3      | Reached * piety under Cheibriados
  2377 | D:3      | Reached XP level 7. HP: 55/55 MP: 7/7
  2477 | D:3      | Found an opulent altar of Gozag.
  2481 | D:3      | Noticed Natasha
  2491 | D:3      | Killed Natasha
  2578 | D:3      | You fall through a shaft for 2 floors!
  2578 | D:5      | Entered Level 5 of the Dungeon
  2599 | D:5      | Reached skill level 1 in Stealth
  2650 | D:5      | Reached skill level 1 in Invocations
  2654 | D:5      | Reached skill level 1 in Evocations
  2663 | D:5      | Gained mutation: Your mind is acute. (Int +2) [potion of
                  | mutation]
  2663 | D:5      | Gained mutation: You are partially covered in iridescent
                  | scales. (AC +2) [potion of mutation]
  2663 | D:5      | Gained mutation: Potions are less effective at restoring
                  | your health. [potion of mutation]
  2663 | D:5      | Gained mutation: You expend magic power (3 MP) to
                  | strengthen your wands. [potion of mutation]
  2664 | D:5      | Lost mutation: You expend magic power (3 MP) to strengthen
                  | your wands. [potion of mutation]
  2664 | D:5      | Lost mutation: Your mind is acute. (Int +2) [potion of
                  | mutation]
  2664 | D:5      | Gained mutation: Your mind is acute. (Int +2) [potion of
                  | mutation]
  2664 | D:5      | Gained mutation: You have sharp fingernails. [potion of
                  | mutation]
  2664 | D:5      | Gained mutation: You are resistant to hostile enchantments.
                  | (MR+) [potion of mutation]
  2708 | D:5      | Noticed Eustachio
  2789 | D:5      | Killed Eustachio
  2789 | D:5      | Reached skill level 5 in Fighting
  2789 | D:5      | Reached skill level 5 in Armour
  2789 | D:5      | Reached skill level 1 in Spellcasting
  2789 | D:5      | Reached XP level 8. HP: 26/62 MP: 9/9
  2877 | D:5      | Found Cegistrue's General Store.
  2909 | D:5      | Bought a scroll of identify for 26 gold pieces
  2956 | D:5      | Reached skill level 7 in Shields
  2971 | D:5      | Reached ** piety under Cheibriados
  3067 | D:5      | Noticed Prince Ribbit
  3087 | D:5      | HP: 2/62 [Prince Ribbit (6)]
  3090 | D:5      | Mangled by Prince Ribbit

Skill      XL: |  1  2  3  4  5  6  7  8 |
---------------+-------------------------+-----
Shields        | 4 5 6 7 |  7.1
Dodging        | 1 2 |  2.9
Fighting       | 4 5 |  5.1
Armour         | 4 5 |  5.2
Stealth        | 1 2 |  2.1
Invocations    | 1 |  1.9
Evocations     | 1 |  1.8
Spellcasting   | 1 |  1.4
Axes           | |  2.0

Action                   |  1- 3 |  4- 6 |  7- 9 || total
-------------------------+-------+-------+-------++-------
Melee: War axe           |    86 |   159 |   127 ||   372
 Abil: Dig               |     1 |     6 |     1 ||     8
       Shaft Self        |       |     1 |     1 ||     2
  Use: Scroll            |       |     6 |     4 ||    10
       Potion            |       |       |     2 ||     2
  Eat: Chunk             |       |    26 |     5 ||    31
Armor: Scale mail        |    27 |    41 |       ||    68
       Chain mail        |       |    34 |    88 ||   122
Dodge: Dodged            |    30 |    53 |    66 ||   149
Block: Shield            |    49 |    90 |   118 ||   257
